 Dungeon Crawl Stone Soup version 0.30.1-3-gfc49f6343a (webtiles) character file.

Game seed: 15881257711457651949

471 shmup the Firebug (level 7, 0/37 HPs)
             Began as a Tengu Fire Elementalist on Aug 3, 2023.
             Was an Initiate of Sif Muna.
             Slain by Blork the orc
             ... wielding a +0 long sword
              (13 damage)
             ... on level 5 of the Dungeon.
             The game lasted 00:08:53 (5582 turns).

shmup the Firebug (Tengu Fire Elementalist)         Turns: 5582, Time: 00:08:54

Health: 0/37       AC:  2    Str:  9    XL:     7   Next: 9%
Magic:  1/11       EV: 15    Int: 28    God:    Sif Muna [......]
Gold:   206        SH:  0    Dex: 14    Spells: 7/10 levels left

rFire   + . .        i - staff of conjuration "Boschado" {Int+5}
rCold   x . .        (no shield)
rNeg    . . .        a - +0 robe
rPois   .            (helmet restricted)
rElec   .            (no cloak)
rCorr   .            (no gloves)
SInv    .            (boots unavailable)
Will    .....        (no amulet)
Stlth   ++           c - +6 ring of intelligence
HPRegen 0.26/turn    g - ring of fire
MPRegen 0.12/turn

%: no passive effects
@: weakened, flying quickly and evasively, quick
A: beak, talons 3, nimble flight
a: Renounce Religion


You were on level 5 of the Dungeon.
You worshipped Sif Muna.
Sif Muna was noncommittal.
You visited 2 branches of the dungeon, and saw 6 of its levels.

You collected 230 gold pieces.
You spent 24 gold pieces at shops.

Inventory:

Hand Weapons
 n - a +0 dagger
Missiles
 d - 10 stones (quivered)
 m - 4 curare-tipped darts
 q - 5 atropa-tipped darts
 s - 4 poisoned darts
Armour
 a - a +0 robe (worn)
Magical Staves
 i - the staff of conjuration "Boschado" (weapon) {Int+5}
   (You acquired it on level 3 of the Dungeon)

   [staff of conjuration]

   Base accuracy: +5 Base damage: 5 Base attack delay: 1.2 This weapon's minimum
   attack delay (0.6) is reached at skill level 12.
   Int:       It affects your intelligence (+5).
   It falls into the 'Staves' category.
   It is a one-handed weapon.
 u - a staff of death
Jewellery
 c - a +6 ring of intelligence (left hand)
 g - a ring of fire (right hand)
 j - a ring of ice
 x - a +5 ring of evasion
Wands
 B - a wand of paralysis (11)
 C - a wand of flame (10)
Scrolls
 f - a scroll of fog {unknown}
 h - a scroll of blinking {unknown}
 l - 2 scrolls of teleportation {unknown}
 p - a scroll of vulnerability {unknown}
 r - a scroll of acquirement
 t - a scroll of noise {unknown}
 y - a scroll of torment {unknown}
Potions
 e - 2 potions of curing
 k - 2 potions of cancellation
 o - 2 potions of degeneration
 v - a potion of brilliance {unknown}
 w - a potion of invisibility {unknown}
 z - a potion of mutation {unknown}
 A - a potion of attraction {unknown}


   Skills:
 + Level 0.6 Fighting
 + Level 2.4 Dodging
 - Level 2.0 Stealth
 - Level 2.0 Spellcasting
 + Level 5.2 Conjurations
 * Level 7.1 Fire Magic


You had 7 spell levels left.
You knew the following spells:

 Your Spells              Type           Power      Damage    Failure   Level
a - Foxfire               Conj/Fire      100%       2x1d9     1%          1
b - Scorch                Fire           100%       2d9       1%          2

Your spell library contained the following spells:

 Spells                   Type           Power      Damage    Failure   Level
 Inner Flame              Hex/Fire       34%        N/A       6%          3
 Volatile Blastmotes      Fire/Tloc      68%        2d15      6%          3
 Flame Wave               Conj/Fire      71%        2d16      7%          4
 Sting                    Tmut/Pois      8%         1d3       9%          1
 Poisonous Vapours        Pois/Air       4%         N/A       14%         2
 Sublimation of Blood     Necr           2%         N/A       14%         2
 Wereblood                Tmut           2%         N/A       14%         2
 Olgreb's Toxic Radiance  Pois           2%         N/A       65%         4
 Summon Hydra             Summ           1%         N/A       100%        7


Dungeon Overview and Level Annotations

Branches:
Dungeon (5/15) Zot: 24684  Temple (1/1) D:4 Zot: 5839

Altars:
Ashenzari
Cheibriados
Elyvilon
Fedhas
Gozag
Hepliaklqana
Kikubaaqudgha
Nemelex Xobeh
Okawaru
Qazlal
Ru
Sif Muna
Trog
Uskayaw
Wu Jian
Xom
Yredelemnul
Zin

Shops:
D:2 [   D:3 *

Annotations:
D:3 3 runed translucent doors, Grinder; airrhodes1's ghost, amateur HOMo; tal's ghost, weakling MiFi
D:5 Blork the orc


Innate Abilities, Weirdness & Mutations

You have a beak for a mouth.
You have claws for feet.
Your magical nature lets you fly swiftly and evasively.


Message History

The gnoll barely misses you.
You have reached level 7!
Casting: Scorch (safe; 1% risk of failure)
Confirm with . or Enter, or press ? or * to list all spells.
You feel a surge of power!
Flames lash the gnoll.
The gnoll is almost dead.
The gnoll's fire resistance burns away.
The gnoll closely misses you.
The gnoll bouda gazes fiercely through you!
You feel as though you will be weak longer.
Blork the orc casts a spell.
Blork the orc seems to speed up.
Casting: Scorch (safe; 1% risk of failure)
Confirm with . or Enter, or press ? or * to list all spells.
You feel a surge of power!
Flames lash the gnoll.
The gnoll is burned terribly!
You kill the gnoll!
Sif Muna accepts your kill. Blork the orc completely misses you.
Unknown command.
Casting: Scorch (safe; 1% risk of failure)
Confirm with . or Enter, or press ? or * to list all spells.
You feel a surge of power!
Flames lash the gnoll bouda.
You kill the gnoll bouda!
Sif Muna accepts your kill.
Blork the orc screams, "I'll make a cloak from your skin!"
Blork the orc barely misses you.
Unknown command.
Casting: Scorch (safe; 1% risk of failure)
Confirm with . or Enter, or press ? or * to list all spells.
You feel a surge of power!
Flames lash Blork the orc.
Blork the orc is moderately wounded.
Blork the orc's fire resistance burns away.
Blork the orc closely misses you.
Blork the orc hits you with a +0 long sword!
* * * LOW HITPOINT WARNING * * *
You feel better.
Blork the orc hits you with a +0 long sword.
* * * LOW HITPOINT WARNING * * *
You feel better.
Blork the orc hits you with a +0 long sword!
You die...

▒▒▒.▒▒.▒ ▒.▒▒.▒
▒▒▒▒▒▒▒▒▒▒▒▒▒
▒.▒▒.▒▒▒▒▒▒▒▒▒...........▒
▒...................▒▒▒▒.▒
▒.▒▒▒▒.▒▒▒▒▒▒▒▒▒.▒▒▒▒.▒ ▒.▒
▒..........▒▒▒▒▒....▒)▒ ▒.▒
▒▒▒▒▒▒▒▒...o)))▒▒▒▒.▒.▒▒▒▒.▒
▒▒▒..▒▒.▒o▒ ▒......▒.▒
▒....^▒.▒Q▒ ▒▒▒.▒▒.▒.▒
▒.▒...▒.▒.▒ ▒.▒<.▒[▒
▒.▒...▒.▒.▒ ▒.▒..▒.▒ ▒
▒gg▒▒▒▒▒▒ ▒.▒..▒.▒ ▒..▒
▒.▒..▒.▒ ▒og▒
▒▒▒▒▒▒▒.▒▒▒▒.▒▒▒▒ ▒...▒▒
▒................ ...>...
.▒▒▒▒▒▒▒.▒▒▒▒.▒▒▒▒
▒<........ .........▒ ▒.▒ ▒


You could see Blork the orc (fast, combustible).

Vanquished Creatures
  An ogre (D:5)
  A phantom (D:4)
  A scorpion (D:4)
  A gnoll bouda (D:5)
  An iguana (D:4)
  A hound skeleton (D:2)
  5 gnolls (D:5)
  4 adders
  A white imp (D:5)
  An adder skeleton (D:2)
  An adder zombie (D:2)
  3 worms
  2 dart slugs
  9 orcs
  9 endoplasms
  A giant cockroach (D:4)
  5 goblins
  5 hobgoblins
  6 quokkas
  10 ball pythons
  A ball python skeleton (D:2)
  A ball python zombie (D:2)
  3 bats
  5 frilled lizards
  5 kobolds
  A quokka zombie (D:2)
  5 rats
89 creatures vanquished.

Vanquished Creatures (others)
  161 foxfires
161 creatures vanquished.

Grand Total: 250 creatures vanquished

Notes
Turn   | Place    | Note
-------+----------+-------------------------------------------
     0 | D:1      | shmup the Tengu Fire Elementalist began the quest for the
                  | Orb.
     0 | D:1      | Reached XP level 1. HP: 10/10 MP: 4/4
   306 | D:1      | Reached XP level 2. HP: 15/15 MP: 4/6
   995 | D:2      | Reached skill level 4 in Fire Magic
  1068 | D:2      | Reached XP level 3. HP: 19/19 MP: 3/7
  1105 | D:2      | Learned a level 2 spell: Scorch
  1596 | D:2      | Found Beluaj's Armour Boutique.
  1630 | D:2      | Found a broken altar of Ashenzari.
  1788 | D:2      | Reached XP level 4. HP: 24/24 MP: 3/8
  2139 | D:3      | Reached skill level 5 in Fire Magic
  2400 | D:3      | Found Xeul's General Store.
  2407 | D:3      | Bought a scroll of identify for 24 gold pieces
  2408 | D:3      | Identified a scroll of acquirement
  2409 | D:3      | Acquired the staff of conjuration "Boschado" {Int+5}
  2770 | D:3      | Noticed Grinder
  3431 | D:3      | Found a runed translucent gate.
  3432 | D:3      | Found a runed translucent gate.
  3432 | D:3      | Found a runed translucent gate.
  3433 | D:3      | Noticed airrhodes1's ghost (amateur HOMo)
  3433 | D:3      | Noticed tal's ghost (weakling MiFi)
  4017 | D:4      | Noticed a phantom
  4017 | D:4      | Found a hide-covered altar of Uskayaw.
  4077 | D:4      | Killed a phantom
  4078 | D:4      | Gained mutation: Your magical nature lets you fly swiftly
                  | and evasively. [Tengu growth]
  4078 | D:4      | Reached XP level 5. HP: 28/28 MP: 2/9
  4235 | D:4      | Reached skill level 6 in Fire Magic
  4350 | D:4      | Reached XP level 6. HP: 32/32 MP: 8/10
  4764 | D:4      | Found a staircase to the Ecumenical Temple.
  4774 | Temple   | Entered the Ecumenical Temple
  4938 | Temple   | Became a worshipper of Sif Muna the Loreminder
  4971 | D:4      | Found an ancient bone altar of Kikubaaqudgha.
  5380 | D:5      | Entered Level 5 of the Dungeon
  5390 | D:5      | Reached skill level 5 in Conjurations
  5548 | D:5      | Reached skill level 7 in Fire Magic
  5551 | D:5      | Noticed Blork the orc
  5577 | D:5      | Reached XP level 7. HP: 10/37 MP: 8/11
  5582 | D:5      | Slain by Blork the orc

Illustrated notes

Levels and vault maps discovered:
D:1:      sevenhm_arrival_forest_fort_small_3, layout_basic
D:2:      layout_loops_ring, serial_shops, nicolae_shop_just_a_little_nook,
          serial_undead, serial_undead_c, serial_undead_c, serial_undead_b,
          serial_undead_f, basic_altar
D:3:      layout_basic, serial_shops, nicolae_shop_peninsula,
          gammafunk_ghost_cemetery, uniq_grinder
D:4:      kb_forest_paths, layout_basic, mainiacjoe_overflow_six_doors_small,
          eat_drink_and_be_merry_uskayaw, minmay_temple_entry_grid
D:5:      layout_basic, demons_altar, sigmund_army, uniq_blork_the_orc
Temple:   regret_index_temple_sphere_string

Skill      XL: |  1  2  3  4  5  6 |
---------------+-------------------+-----
Conjurations   | 2 3 4 5 |  5.2
Fire Magic     | 4 5 6 7 |  7.1
Fighting       | |  0.6
Dodging        | |  2.4
Stealth        | |  2.0
Spellcasting   | |  2.0

Action                     |  1- 3 |  4- 6 |  7- 9 || total
---------------------------+-------+-------+-------++-------
  Melee: Dagger            |     3 |    14 |       ||    17
         Kick              |     3 |     5 |       ||     8
         Unarmed           |     2 |       |       ||     2
         Staff             |       |     6 |       ||     6
         Peck              |       |     3 |       ||     3
  Throw: Stone             |       |     1 |       ||     1
   Cast: Foxfire           |    45 |    54 |       ||    99
         Scorch            |     3 |    25 |     4 ||    32
    Use: Scroll            |       |     5 |       ||     5
         Potion            |       |     3 |     2 ||     5
 Armour: Robe              |     2 |     5 |       ||     7
  Dodge: Dodged            |    12 |    26 |     4 ||    42
